 Dungeon Crawl Stone Soup version 0.29.1-1-gd02db6906a (webtiles) character file.

Game seed: 17866054819184221783

93 Earthwalker the Shield-Bearer (level 4, -4/40 HPs)
             Began as a Minotaur Fighter on Oct 12, 2022.
             Slain by Grinder (8 damage)
             ... on level 3 of the Dungeon.
             The game lasted 00:03:00 (2315 turns).

Earthwalker the Shield-Bearer (Minotaur Fighter)    Turns: 2315, Time: 00:03:00

Health: -4/40      AC:  7    Str: 22    XL:     4   Next: 36%
Magic:  3/3        EV:  9    Int:  5    God:
Gold:   147        SH:  4    Dex: 10    Spells: 3/3 levels left

rFire   . . .      SeeInvis .   a - +0 trident
rCold   . . .      Faith    .   c - +0 buckler
rNeg    . . .      Spirit   .   b - +0 scale mail
rPois   .          Reflect  .   (helmet restricted)
rElec   .          Harm     .   (no cloak)
rCorr   .          Rampage  .   (no gloves)
Will    .....                   (no boots)
Stlth   ..........              (no amulet)
HPRegen 0.13/turn               (no ring)
MPRegen 0.08/turn               (no ring)

@: no status effects
A: horns 2, retaliatory headbutt
a: no special abilities


You were on level 3 of the Dungeon.
You visited 1 branch of the dungeon, and saw 3 of its levels.

You collected 147 gold pieces.

Inventory:

Hand Weapons
 a - a +0 trident (weapon)
Missiles
 n - 3 poisoned darts (quivered)
Armour
 b - a +0 scale mail (worn)
 c - a +0 buckler (worn)
Jewellery
 i - a ring of magical power
Scrolls
 e - 2 scrolls of teleportation {unknown}
 f - a scroll of poison {unknown}
 j - 2 scrolls of identify {unknown}
 k - a scroll of enchant weapon {unknown}
 o - 2 scrolls of noise {unknown}
Potions
 d - a potion of might
 g - 2 potions of heal wounds {unknown}
 h - a potion of degeneration {unknown}
 l - a potion of magic {unknown}
 m - a potion of curing {unknown}
 p - a potion of attraction {unknown}
 q - a potion of resistance {unknown}


   Skills:
 * Level 4.1 Fighting
 * Level 3.1 Polearms
 * Level 1.4 Throwing
 * Level 4.2 Armour
 * Level 1.5 Dodging
 * Level 4.2 Shields


You had 3 spell levels left.
You didn't know any spells.
Your spell library contained the following spells:

 Spells                   Type           Power      Damage    Failure   Level
 Conjure Flame            Conj/Fire      0%         6-21      99%         3
 Ignite Poison            Fire/Tmut/Pois 0%         N/A       99%         3
 Sticky Flame             Conj/Fire      0%         2d3       100%        4


Dungeon Overview and Level Annotations

Branches:
Dungeon (3/15)

Altars:

Annotations:
D:3 Grinder


Innate Abilities, Weirdness & Mutations

You have a pair of horns on your head.
You reflexively headbutt those who attack you in melee.


Message History

You hit Grinder.
Grinder is lightly wounded.
Grinder hits you but does no damage.
You closely miss Grinder. You headbutt Grinder!
Grinder is moderately wounded.
Grinder barely misses you. You furiously retaliate!
You headbutt Grinder. You closely miss Grinder.
Grinder is heavily wounded.
Grinder hits you but does no damage. Grinder gestures at you.
Pain shoots through your body!
You closely miss Grinder.
Grinder is heavily wounded.
Grinder hits you but does no damage.
You hit Grinder. Your headbutt misses Grinder.
Grinder is heavily wounded.
Grinder hits you.
You writhe in agony.
You are too injured to fight recklessly!
You are too injured to fight recklessly!
You are too injured to fight recklessly!
You are too injured to fight recklessly!
Grinder closely misses you.
You barely miss Grinder.
Grinder is heavily wounded.
Grinder blinks!
You closely miss Grinder.
Grinder is heavily wounded.
Grinder says, "I used to sell toenails on the black market."
Grinder hits you.
You hit Grinder.
Grinder is severely wounded.
Grinder gestures at you. Pain shoots through your body!
* * * LOW HITPOINT WARNING * * *
You hit Grinder.
Grinder is severely wounded.
Grinder hits you.
* * * LOW HITPOINT WARNING * * *
Grinder hits you!
You die...

#.##.#†.##.###.#
#.##.#..##.....
#.##.#........#
#...?.........#
##...#).##.###
#.####.##.######
#. #††........
#. #.5.....# #
#..@....#
#......##
#......#
#.###### #.. #..
#.#


You could see Grinder.

Vanquished Creatures
  4 adders
  2 worms (D:2)
  2 dart slugs
  An orc (D:3)
  5 endoplasms
  2 giant cockroaches
  A goblin (D:1)
  4 hobgoblins
  2 jackals (D:3)
  2 quokkas (D:3)
  4 ball pythons
  12 bats
  2 frilled lizards (D:3)
  2 kobolds
  2 rats (D:2)
47 creatures vanquished.

Vanquished Creatures (others)
  A plant (D:2)
1 creature vanquished.

Grand Total: 48 creatures vanquished

Notes
Turn   | Place    | Note
-------+----------+-------------------------------------------
     0 | D:1      | Earthwalker the Minotaur Fighter began the quest for the
                  | Orb.
     0 | D:1      | Reached XP level 1. HP: 19/19 MP: 0/0
   187 | D:1      | Reached XP level 2. HP: 24/27 MP: 1/1
  1172 | D:2      | Reached skill level 1 in Throwing
  1283 | D:2      | Reached skill level 1 in Dodging
  1283 | D:2      | Reached XP level 3. HP: 33/33 MP: 2/2
  1721 | D:2      | Reached XP level 4. HP: 30/40 MP: 3/3
  2298 | D:3      | Noticed Grinder
  2315 | D:3      | Slain by Grinder

Illustrated notes

Levels and vault maps discovered:
D:1:      dpeg_arrival_pond, layout_basic, minmay_indecisive_spiral
D:2:      layout_loops_cross, serial_bayou_lagoon_a
D:3:      layout_loops_ring, ebering_ghost_sewer_f,
          dreamdust_ecumenical_altar_drowned_temple, uniq_terence, uniq_grinder

Skill      XL: |  1  2  3 |
---------------+----------+-----
Throwing       | 1 |  1.4
Dodging        | 1 |  1.5
Shields        | 4 |  4.2
Armour         | 4 |  4.2
Fighting       | 4 |  4.1
Polearms       | 3 |  3.1

Action                   |  1- 3 |  4- 6 || total
-------------------------+-------+-------++-------
Melee: Trident           |    90 |    60 ||   150
       Headbutt          |     7 |     7 ||    14
Armor: Scale mail        |    35 |    23 ||    58
Dodge: Dodged            |    27 |    26 ||    53
Block: Buckler           |    18 |     9 ||    27
